 Seeded DCSS version 0.30.1-4-g462c640d31 (webtiles) character file.

Game seed: 6351066067085065685 (custom seed)

3 Esekla the Grave Robber (level 1, 0/10 HPs)
             Began as a Deep Elf Necromancer on Aug 29, 2023.
             Frozen to death by an endoplasm (1 damage)
             ... on level 1 of the Dungeon.
             The game lasted 00:01:22 (122 turns).

Esekla the Grave Robber (Deep Elf Necromancer)       Turns: 122, Time: 00:01:22

Health: 0/10       AC:  2    Str:  5    XL:     1   Next: 41%
Magic:  6/6        EV: 12    Int: 19    God:
Gold:   0          SH:  0    Dex: 15    Spells: 5/6 levels left

rFire   . . .        c - +0 short sword
rCold   . . .        (no shield)
rNeg    . . .        a - +0 robe
rPois   .            (no helmet)
rElec   .            (no cloak)
rCorr   .            (no gloves)
SInv    .            (no boots)
Will    .....        (no amulet)
Stlth   ++           (no ring)
HPRegen 0.21/turn    (no ring)
MPRegen 0.10/turn

%: no passive effects
@: no status effects
A: no striking features
a: no special abilities


You were on level 1 of the Dungeon.
You visited 1 branch of the dungeon, and saw 1 of its levels.

Inventory:

Hand Weapons
 c - a +0 short sword (weapon)
Armour
 a - a +0 robe (worn)
Potions
 b - a potion of magic
 d - a potion of ambrosia {unknown}


   Skills:
 * Level 2.5 Dodging
 + Level 2.5 Stealth
 * Level 3.0 Spellcasting
 + Level 4.9 Necromancy


You had 5 spell levels left.
You knew the following spells:

 Your Spells              Type           Power      Damage    Failure   Level
a - Necrotise             Necr           84%        1d8       1%          1

Your spell library contained the following spells:

 Spells                   Type           Power      Damage    Failure   Level
 Vampiric Draining        Necr           21%        2d7       6%          3
 Animate Dead             Necr           21%        N/A       21%         4
 Agony                    Necr           21%        N/A       50%         5


Dungeon Overview and Level Annotations

Branches:
Dungeon (1/15)

Altars:


Message History

The ball python closely misses you.
You aren't carrying any scrolls.
You hit the ball python but do no damage.
The bat completely misses you. The goblin closely misses you.
The ball python misses you. The ball python barely misses you. x2
The ball python closely misses you. The kobold attacks as you move away!
The kobold hits you but does no damage. The ball python barely misses you. x2
The ball python bites you but does no damage.
The ball python barely misses you.
You hit the ball python.
You kill the ball python!
The bat barely misses you. The ball python barely misses you.
The ball python grabs you. The ball python constricts you.
The goblin hits you but does no damage.
You barely miss the ball python. The bat closely misses you.
The ball python closely misses you. The ball python constricts you.
The goblin closely misses you.
You barely miss the ball python. The ball python closely misses you.
The ball python constricts you. The goblin hits you but does no damage.
The ball python bites you. The ball python constricts you.
You hit the ball python.
The ball python is moderately wounded.
The bat barely misses you. The goblin hits you with a +0 club.
The ball python closely misses you. The ball python constricts you.
You barely miss the ball python.
The ball python is moderately wounded.
The goblin hits you with a +0 club.
* * * LOW HITPOINT WARNING * * *
The frilled lizard barely misses you. The ball python closely misses you.
The ball python constricts you.
You hit the ball python.
You kill the ball python!
The bat barely misses you. The goblin closely misses you.
The frilled lizard closely misses you.
You hit the endoplasm.
The endoplasm is heavily wounded.
The endoplasm freezes you.
You are frozen.
You die...

rb....#.#.....##
#S......#.......
...##...#....##..
##.[.....####
##!.......!
#.#.....##
#.#...b##
#....Jl# #.#.Kg@#
########


You could see an endoplasm, a goblin, a bat, a kobold and a frilled lizard.

Vanquished Creatures
  2 ball pythons (D:1)
  A kobold (D:1)
3 creatures vanquished.

Notes
Turn   | Place    | Note
-------+----------+-------------------------------------------
     0 | D:1      | Esekla the Deep Elf Necromancer began the quest for the
                  | Orb.
     0 | D:1      | Reached XP level 1. HP: 10/10 MP: 6/6
   122 | D:1      | Frozen to death by an endoplasm

Illustrated notes

Levels and vault maps discovered:
D:1:      sevenhm_arrival_forest_fort_small_3, layout_rooms,
          chequers_serial_rivers_room_b, minmay_misc_feat_five

Action                     || total
---------------------------++-------
  Melee: Unarmed           ||     9
         Short sword       ||     8
 Armour: Robe              ||    11
  Dodge: Dodged            ||    34
